TOP OF THE 1ST |
St. Louis Browns batting - Pitching for Portland Cards : LHP Mike Graves
|
Pitching: LHP Mike Graves
|
|
Batting: LHB Mike Hill
|
0-0: Ball 1-0: Ground out 1-3 (Groundball, 13)
|
Batting: RHB R.J. Parker
|
0-0: Foul Ball, location: 2F 0-1: Called Strike 0-2: Ball 1-2: Ball 2-2: Foul Ball, location: 2F 2-2: Foul Ball, location: 2F 2-2: Fly out, F9 (Flyball, 9S)
|
Batting: LHB Stan Hickman
|
0-0: Ball 1-0: Foul Ball, location: 2F 1-1: Swinging Strike 1-2: Ball 2-2: Foul Ball, location: 2F 2-2: Foul Ball, location: 2F 2-2: Ball 3-2: Foul Ball, location: 2F 3-2: Fly out, F8 (Flyball, 8LD)
|
Top of the 1st over - 0 run(s), 0 hit(s), 0 error(s), 0 left on base; St. Louis 0 - Portland 0 |
BOTTOM OF THE 1ST |
Portland Cards batting - Pitching for St. Louis Browns : RHP Nelson Ortega
|
Pitching: RHP Nelson Ortega
|
|
Batting: LHB John Cotton
|
0-0: DOUBLE (Line Drive, 78XD)
|
Batting: LHB Keith Beard
|
0-0: Called Strike 0-1: Foul Ball, location: 2F 0-2: Ground out 4-3 (Groundball, 4) John Cotton to third
|
Batting: LHB Jeff Daniels
|
0-0: Ball 1-0: Foul Ball, location: 2F 1-1: Called Strike 1-2: Ball 2-2: Fly out, F8 (Flyball, 78M) Runner from 3rd tags up, SCORES, no throw
|
Batting: RHB Paco Arellano
|
0-0: Ground out 4-3 (Groundball, 4)
|
Bottom of the 1st over - 1 run(s), 1 hit(s), 0 error(s), 0 left on base; St. Louis 0 - Portland 1 |
TOP OF THE 2ND |
St. Louis Browns batting - Pitching for Portland Cards : LHP Mike Graves
|
Batting: RHB George Howard
|
0-0: Called Strike 0-1: Ground out 1-3 (Groundball, 23)
|
Batting: RHB Will Brown
|
0-0: Called Strike 0-1: SOLO HOME RUN (Flyball, 9D), Distance : 367 ft
|
Batting: LHB Tommy Evans
|
0-0: Swinging Strike 0-1: Ball 1-1: Ground out 4-3 (Groundball, 34)
|
Batting: LHB Clinton Clark
|
0-0: Ground out 6-3 (Groundball, 6M)
|
Top of the 2nd over - 1 run(s), 1 hit(s), 0 error(s), 0 left on base; St. Louis 1 - Portland 1 |
BOTTOM OF THE 2ND |
Portland Cards batting - Pitching for St. Louis Browns : RHP Nelson Ortega
|
Batting: RHB Aaron Scott
|
0-0: Swinging Strike 0-1: Swinging Strike 0-2: Ball 1-2: Strikes out swinging
|
Batting: LHB Tom Blake
|
0-0: SINGLE (Line Drive, 6MD)
|
Batting: LHB Donovan Bird
|
0-0: Foul Ball, location: 2F 0-1: Ball 1-1: SINGLE (Flyball, 7S) Tom Blake to second
|
Batting: RHB Germán Rosales
|
0-0: Ball 1-0: Ball 2-0: SINGLE (Groundball, 56D) Tom Blake to third Donovan Bird to second Runner from 3rd tries for Home, SAFE, no throw or cutoff
|
Batting: RHB Dani Vázquez
|
0-0: Fly out, F9 (Flyball, 9D) Runner from 2nd tags up, SAFE at 3rd, no throw
|
Batting: LHB John Cotton
|
0-0: Ball 1-0: Foul Ball, location: 2F 1-1: Ball 2-1: Reached on error, E6 (Groundball, 6) Donovan Bird scores Germán Rosales to second
|
Batting: LHB Keith Beard
|
0-0: Ball 1-0: Foul Ball, location: 2F 1-1: Ground out U3 (Groundball, 3)
|
Bottom of the 2nd over - 2 run(s), 3 hit(s), 1 error(s), 2 left on base; St. Louis 1 - Portland 3 |
TOP OF THE 3RD |
St. Louis Browns batting - Pitching for Portland Cards : LHP Mike Graves
|
Batting: RHB Mario Rosales
|
0-0: Foul Ball, location: 2F 0-1: Ball 1-1: Ball 2-1: Ball 3-1: Ground out 1-3 (Groundball, 2R)
|
Batting: LHB Junior Coates
|
0-0: Ball 1-0: Fly out, F8 (Flyball, 8LM)
|
Batting: LHB Mike Hill
|
0-0: Called Strike 0-1: Ball 1-1: Ball 2-1: Ball 3-1: Foul Ball, location: 2F 3-2: Ground out 4-3 (Groundball, 34)
|
Top of the 3rd over - 0 run(s), 0 hit(s), 0 error(s), 0 left on base; St. Louis 1 - Portland 3 |
BOTTOM OF THE 3RD |
Portland Cards batting - Pitching for St. Louis Browns : RHP Nelson Ortega
|
Batting: LHB Jeff Daniels
|
0-0: Ground out 3-1 (Groundball, 34)
|
Batting: RHB Paco Arellano
|
0-0: SINGLE (Line Drive, 6D)
|
Batting: RHB Aaron Scott
|
0-0: Foul Ball, location: 2F 0-1: Ball 1-1: Foul Ball, location: 2F 1-2: Ball 2-2: Strikes out swinging
|
Batting: LHB Tom Blake
|
0-0: Ball 1-0: Foul Ball, location: 2F 1-1: Ball Passed Ball! Paco Arellano to second 2-1: Fly out, F8 (Flyball, 89XD)
|
Bottom of the 3rd over - 0 run(s), 1 hit(s), 0 error(s), 1 left on base; St. Louis 1 - Portland 3 |
TOP OF THE 4TH |
St. Louis Browns batting - Pitching for Portland Cards : LHP Mike Graves
|
Batting: RHB R.J. Parker
|
0-0: Called Strike 0-1: Called Strike 0-2: Strikes out swinging
|
Batting: LHB Stan Hickman
|
0-0: Ball 1-0: Foul Ball, location: 2F 1-1: Swinging Strike 1-2: Strikes out swinging
|
Batting: RHB George Howard
|
0-0: Ball 1-0: Ball 2-0: Ball 3-0: Called Strike 3-1: Fly out, F7 (Flyball, 7S)
|
Top of the 4th over - 0 run(s), 0 hit(s), 0 error(s), 0 left on base; St. Louis 1 - Portland 3 |
BOTTOM OF THE 4TH |
Portland Cards batting - Pitching for St. Louis Browns : RHP Nelson Ortega
|
Batting: LHB Donovan Bird
|
0-0: Called Strike 0-1: Foul Ball, location: 2F 0-2: Ball 1-2: Ball 2-2: Ball 3-2: Base on Balls
|
Batting: RHB Germán Rosales
|
Pickoff Throw to First - Out! 0-0: Called Strike 0-1: Ball 1-1: Foul Ball, location: 2F 1-2: Ball 2-2: Foul Ball, location: 2F 2-2: Fly out, F1 (Line Drive, 15)
|
Batting: RHB Dani Vázquez
|
0-0: Called Strike 0-1: Ball 1-1: Ball 2-1: Ball 3-1: Called Strike 3-2: Base on Balls
|
Batting: LHB John Cotton
|
0-0: Ground out 6-3 (Groundball, 6)
|
Bottom of the 4th over - 0 run(s), 0 hit(s), 0 error(s), 1 left on base; St. Louis 1 - Portland 3 |
TOP OF THE 5TH |
St. Louis Browns batting - Pitching for Portland Cards : LHP Mike Graves
|
Batting: RHB Will Brown
|
0-0: Ball 1-0: Foul Ball, location: 2F 1-1: SINGLE (Groundball, 56)
|
Batting: LHB Tommy Evans
|
0-0: Foul Ball, location: 2F 0-1: Ball 1-1: Fielders Choice at 2nd, 1-4 (Groundball, 13S)
|
Batting: LHB Clinton Clark
|
0-0: Ball Tommy Evans steals 2nd base 1-0: Called Strike 1-1: Ball 2-1: Foul Ball, location: 2F 2-2: Foul Ball, location: 2F 2-2: Fly out, F7 (Flyball, 7S)
|
Batting: RHB Mario Rosales
|
0-0: Ball 1-0: Called Strike 1-1: Fly out, F9 (Flyball, 9M)
|
Top of the 5th over - 0 run(s), 1 hit(s), 0 error(s), 1 left on base; St. Louis 1 - Portland 3 |
BOTTOM OF THE 5TH |
Portland Cards batting - Pitching for St. Louis Browns : RHP Nelson Ortega
|
Batting: LHB Keith Beard
|
0-0: Ball 1-0: Fly out, F9 (Flyball, 89M)
|
Batting: LHB Jeff Daniels
|
0-0: Ball 1-0: Ball 2-0: Ball 3-0: Base on Balls
|
Batting: RHB Paco Arellano
|
0-0: Called Strike 0-1: Swinging Strike 0-2: Ball 1-2: Foul Ball, location: 2F 1-2: Ball 2-2: Strikes out swinging
|
Batting: RHB Aaron Scott
|
0-0: Called Strike 0-1: Foul Ball, location: 2F 0-2: Ball 1-2: Foul Ball, location: 2F 1-2: Ball 2-2: Foul Ball, location: 2F 2-2: Ground out 6-3 (Groundball, 6)
|
Bottom of the 5th over - 0 run(s), 0 hit(s), 0 error(s), 1 left on base; St. Louis 1 - Portland 3 |
|
|
TOP OF THE 6TH |
St. Louis Browns batting - Pitching for Portland Cards : LHP Mike Graves
|
Batting: LHB Junior Coates
|
0-0: Swinging Strike 0-1: Ball 1-1: Ball 2-1: Foul Ball, location: 2F 2-2: Foul Ball, location: 2F 2-2: Strikes out swinging
|
Pitching: LHP Valentín Reséndez
|
|
Batting: LHB Mike Hill
|
0-0: Ball 1-0: Called Strike 1-1: Called Strike 1-2: Foul Ball, location: 2F 1-2: Ground out 4-3 (Groundball, 4)
|
Batting: RHB R.J. Parker
|
0-0: Ball 1-0: Ball 2-0: Called Strike 2-1: SOLO HOME RUN (Flyball, 78XD), Distance : 386 ft
|
Batting: LHB Stan Hickman
|
0-0: Foul Ball, location: 2F 0-1: Ball 1-1: Swinging Strike 1-2: Ball 2-2: Ball 3-2: Base on Balls
|
Batting: RHB George Howard
|
0-0: Called Strike 0-1: Swinging Strike 0-2: Ball 1-2: Ball 2-2: Strikes out looking
|
Top of the 6th over - 1 run(s), 1 hit(s), 0 error(s), 1 left on base; St. Louis 2 - Portland 3 |
BOTTOM OF THE 6TH |
Portland Cards batting - Pitching for St. Louis Browns : RHP Nelson Ortega
|
Pitching: RHP Ramón Silva
|
|
Batting: LHB Tom Blake
|
0-0: Ball 1-0: Ball 2-0: Called Strike 2-1: Foul Ball, location: 2F 2-2: Ball 3-2: Strikes out swinging
|
Batting: LHB Donovan Bird
|
0-0: Called Strike 0-1: Ball 1-1: Foul Ball, location: 2F 1-2: Strikes out swinging
|
Batting: RHB Germán Rosales
|
0-0: Called Strike 0-1: Ball 1-1: SINGLE (Groundball, 4M)
|
Batting: RHB Dani Vázquez
|
0-0: Ball 1-0: Foul Ball, location: 2F 1-1: Foul Ball, location: 2F 1-2: Ball 2-2: Ball 3-2: Foul Ball, location: 2F 3-2: Foul Ball, location: 2F 3-2: Foul Ball, location: 2F 3-2: SINGLE (Flyball, 4MD) Germán Rosales to second Germán Rosales to third
|
Batting: LHB John Cotton
|
0-0: Ground out 5-3 (Groundball, 56S)
|
Bottom of the 6th over - 0 run(s), 2 hit(s), 0 error(s), 2 left on base; St. Louis 2 - Portland 3 |
TOP OF THE 7TH |
St. Louis Browns batting - Pitching for Portland Cards : LHP Valentín Reséndez
|
Batting: RHB Will Brown
|
0-0: Called Strike 0-1: Ball 1-1: Ball 2-1: Swinging Strike 2-2: Ball 3-2: Foul Ball, location: 2F 3-2: Base on Balls
|
Batting: LHB Tommy Evans
|
0-0: Sac Bunt - play at first, batter OUT! 1-4 Will Brown to second
|
Batting: LHB Clinton Clark
|
0-0: Fly out, F5 (Popup, 5SF)
|
Pinch Hitting: RHB Yoshihide Takahashi
|
0-0: Called Strike 0-1: Swinging Strike 0-2: Foul Ball, location: 2F 0-2: Ball 1-2: Foul Ball, location: 2F 1-2: Foul Ball, location: 2F 1-2: Ball 2-2: Foul Ball, location: 2F 2-2: Foul Ball, location: 2F 2-2: Fly out, F6 (Popup, 56D)
|
Top of the 7th over - 0 run(s), 0 hit(s), 0 error(s), 1 left on base; St. Louis 2 - Portland 3 |
BOTTOM OF THE 7TH |
Portland Cards batting - Pitching for St. Louis Browns : RHP Ramón Silva
|
Now in CF: Yoshihide Takahashi
|
|
Batting: LHB Keith Beard
|
0-0: Swinging Strike 0-1: Called Strike 0-2: Ball 1-2: Foul Ball, location: 2F 1-2: Fly out, F8 (Flyball, 89M)
|
Batting: LHB Jeff Daniels
|
0-0: Fly out, F1 (Line Drive, 13)
|
Batting: RHB Paco Arellano
|
0-0: Called Strike 0-1: Swinging Strike 0-2: Ball 1-2: Ball 2-2: Strikes out swinging
|
Bottom of the 7th over - 0 run(s), 0 hit(s), 0 error(s), 0 left on base; St. Louis 2 - Portland 3 |
TOP OF THE 8TH |
St. Louis Browns batting - Pitching for Portland Cards : LHP Valentín Reséndez
|
Batting: LHB Junior Coates
|
0-0: Ball 1-0: Ball 2-0: Ball 3-0: Base on Balls
|
Pinch Runner at 1st Ryobe Yamamoto:
|
|
Batting: LHB Mike Hill
|
0-0: Ball 1-0: Sac Bunt - play at first, batter OUT! 3-4 Ryobe Yamamoto to second
|
Pitching: RHP César Menéndez
|
|
Batting: RHB R.J. Parker
|
0-0: Called Strike 0-1: Ball 1-1: Ball 2-1: Foul Ball, location: 2F 2-2: Foul Ball, location: 2F 2-2: Foul Ball, location: 2F 2-2: Foul Ball, location: 2F 2-2: Ball 3-2: Fly out, F8 (Flyball, 8RM) Runner from 2nd tags up, OUT at 3rd
|
Top of the 8th over - 0 run(s), 0 hit(s), 0 error(s), 0 left on base; St. Louis 2 - Portland 3 |
BOTTOM OF THE 8TH |
Portland Cards batting - Pitching for St. Louis Browns : RHP Ramón Silva
|
Pitching: LHP Santiago Valentín
|
|
Now at 2B: Ryobe Yamamoto
|
|
Batting: RHB Aaron Scott
|
0-0: Ball 1-0: Ball 2-0: Fly out, F9 (Line Drive, 9M)
|
Batting: LHB Tom Blake
|
0-0: Swinging Strike 0-1: Ball 1-1: Swinging Strike 1-2: Strikes out looking
|
Batting: LHB Donovan Bird
|
0-0: Swinging Strike 0-1: Foul Ball, location: 2F 0-2: Ground out U3 (Groundball, 3S)
|
Bottom of the 8th over - 0 run(s), 0 hit(s), 0 error(s), 0 left on base; St. Louis 2 - Portland 3 |
TOP OF THE 9TH |
St. Louis Browns batting - Pitching for Portland Cards : RHP César Menéndez
|
Pitching: RHP Steve Griffin
|
|
Now at C: Dexter Potter
|
|
Now at 3B: Bartolo Quiñones
|
|
Batting: LHB Stan Hickman
|
0-0: Ball 1-0: Ball 2-0: Ball 3-0: Ground out 5-3 (Groundball, 56S)
|
Pinch Hitting: LHB Jorge Torres
|
0-0: Swinging Strike 0-1: DOUBLE (Line Drive, 9D)
|
Batting: RHB Will Brown
|
0-0: Ball 1-0: Called Strike 1-1: Swinging Strike 1-2: Strikes out swinging
|
Pinch Hitting: LHB Víctor Hernández
|
0-0: Swinging Strike 0-1: Called Strike 0-2: Foul Ball, location: 2F 0-2: Ball 1-2: Ground out 4-3 (Groundball, 4M)
|
Top of the 9th over - 0 run(s), 1 hit(s), 0 error(s), 1 left on base; St. Louis 2 - Portland 3 |
|
Monday, December 5th, 2016 - OOTP Baseball 17.12 Build 75
|
|